 Dungeon Crawl Stone Soup version 0.18.1-5-g4a78601 (webtiles) character file.

990 PossumBlood the Chopper (level 8, -8/97 HPs)
             Began as a Formicid Fighter on May 13, 2016.
             Mangled by Pikel
             ... wielding a +2 whip of electrocution
              (13 damage)
             ... on level 5 of the Dungeon on May 14, 2016.
             The game lasted 00:08:51 (4614 turns).

PossumBlood the Chopper (Formicid Fighter)          Turns: 4614, Time: 00:08:52

Health: -8/97      AC: 24    Str: 23    XL:     8   Next: 41%
Magic:  8/8        EV:  2    Int:  8    God:
Gold:   198        SH: 10    Dex: 10    Spells: 0 memorised, 7 levels left

rFire  . . .     SeeInvis .     a - +1 war axe
rCold  . . .     Gourm    .     (armour currently unavailable)
rNeg   + + +     Faith    .     c - +1 shield
rPois  +         Spirit   .     (helmet unavailable)
rElec  .         Dismiss  .     (cloak currently unavailable)
rCorr  .         Reflect  .     (gloves currently unavailable)
SustAt .         Harm     .     (boots currently unavailable)
MR     .....                    b - amulet of magic regeneration
Stlth  +.........               (no ring)
                                (no ring)

@: tree-form, not resistant to hostile enchantments, very unstealthy
A: permanent stasis, dig shafts and tunnels, four strong arms, (antennae 0)
a: no special abilities


You were on level 5 of the Dungeon.
You were not hungry.
You were a tree.
You visited 2 branches of the dungeon, and saw 6 of its levels.

You collected 198 gold pieces.

Inventory:

Hand Weapons
 a - a +1 war axe (weapon)
 v - a +2 morningstar of protection
Missiles
 g - 5 tomahawks (quivered)
 o - 7 javelins
Armour
 c - a +1 shield (worn)
 k - the +4 ring mail of Somewhere Else (melded) {rC+ rCorr}
   (You found it on level 5 of the Dungeon)

   It protects you from cold.
   It protects you from acid and corrosion.
Jewellery
 b - an amulet of magic regeneration (around neck)
Scrolls
 d - a scroll of enchant armour
 i - a scroll of amnesia
 l - 4 scrolls of remove curse
 u - a scroll of immolation
Potions
 e - 2 potions of degeneration
 m - a potion of berserk rage {unknown}
 n - a potion of mutation {unknown}
 s - 5 potions of brilliance
Comestibles
 f - 2 bread rations
 h - 2 slices of pizza
 j - a meat ration


   Skills:
 - Level 6.4 Fighting
 * Level 7.9 Axes
 - Level 3.2 Armour
 - Level 3.6 Shields


You had 7 spell levels left.
You didn't know any spells.

Dungeon Overview and Level Annotations

Branches:
Dungeon (5/15)             Temple (1/1) D:4

Altars:
Ashenzari
Cheibriados
Dithmenos
Elyvilon
Gozag
Nemelex Xobeh
Qazlal
Trog
Vehumet
Yredelemnul
Zin
The Shining One

Annotations:
D:5 Pikel


Innate Abilities, Weirdness & Mutations

You are under a permanent stasis effect.
You can dig through walls and to a lower floor.
Your four strong arms can wield two-handed weapons with a shield.
((You have a pair of large antennae on your head (SInv).))


Message History

You kill the slave!
That felt strangely unrewarding.
You barely miss the slave.
The slave is almost dead.
You block Pikel's attack. The slave hits you.
* * * LOW HITPOINT WARNING * * *
Pikel hits you but does no damage. You block the slave's attack.
Drink which item? (? for menu, Esc to quit)
You turn into a tree.
The +4 ring mail of Somewhere Else {rC+ rCorr} melds into your body.
Your roots penetrate the ground.
You block the slave's attack. You block Pikel's attack.
The slave hits you but does no damage.
You miss Pikel.
Pikel is heavily wounded.
You hit the slave.
The slave is almost dead.
You hit the slave.
The slave is moderately wounded.
Pikel hits you but does no damage. The slave hits you but does no damage.
Pikel hits you but does no damage.
You are electrocuted!
You die...

.......#.....##....#
.......#.....##....#
.......#...........#
#.....#...........#
#.....#.....#######
#.....#.....##....#
#.....#...........#
#...[?'...........#
#...p♣#...........#
+...pK#.....#######
#.....#######
#...... #......
#....... #.>.....
+.....###


You could see Pikel and 2 slaves.

Vanquished Creatures
  Grinder (D:3)
  2 slaves (D:5)
  A necrophage (D:4)
  2 ogres (D:4)
  A centaur (D:5)
  2 hounds (D:4)
  2 orc priests (D:3)
  2 orc wizards (D:5)
  3 worker ants
  Robin (D:2)
  6 adders
  3 oozes
  An adder skeleton (D:4)
  2 worms (D:2)
  4 dart slugs
  4 giant geckos
  12 orcs
  6 giant cockroaches
  14 goblins
  13 hobgoblins
  3 quokkas
  A ball python (D:2)
  8 bats
  A giant gecko skeleton (D:4)
  A giant gecko zombie (D:5)
  2 giant newts
  8 kobolds
  A quokka skeleton (D:4)
  8 rats
115 creatures vanquished.

Notes
Turn   | Place    | Note
--------------------------------------------------------------
     0 | D:1      | PossumBlood the Formicid Fighter began the quest for the Orb.
     0 | D:1      | Reached XP level 1. HP: 18/18 MP: 1/1
    91 | D:1      | Reached XP level 2. HP: 23/25 MP: 2/2
   416 | D:1      | Reached XP level 3. HP: 30/31 MP: 3/3
  1041 | D:2      | Noticed Robin
  1045 | D:2      | Reached skill level 5 in Fighting
  1050 | D:2      | Reached XP level 4. HP: 33/39 MP: 4/4
  1051 | D:2      | Killed Robin
  1185 | D:2      | Found a snail-covered altar of Cheibriados.
  1644 | D:3      | Reached XP level 5. HP: 46/46 MP: 5/5
  1651 | D:3      | Found a glowing silver altar of Zin.
  1689 | D:3      | Found a sparkling altar of Nemelex Xobeh.
  1699 | D:3      | Found a white marble altar of Elyvilon.
  1965 | D:3      | Reached XP level 6. HP: 20/53 MP: 6/6
  2253 | D:3      | Found a bloodstained altar of Trog.
  2330 | D:3      | Noticed Grinder
  2337 | D:3      | Reached skill level 3 in Axes
  2355 | D:3      | Killed Grinder
  2355 | D:3      | Reached skill level 5 in Axes
  2355 | D:3      | Reached XP level 7. HP: 35/59 MP: 7/7
  2646 | D:3      | Found a faded altar to an unknown god.
  2877 | D:4      | Found a staircase to the Ecumenical Temple.
  3037 | Temple   | Entered the Ecumenical Temple
  3172 | D:4      | Found a shadowy altar of Dithmenos.
  3299 | D:4      | Reached skill level 6 in Axes
  3810 | D:4      | Reached XP level 8. HP: 27/64 MP: 8/8
  4048 | D:4      | Reached skill level 7 in Axes
  4354 | D:5      | Entered Level 5 of the Dungeon
  4367 | D:5      | Got a warped ring mail
  4378 | D:5      | Identified the +4 ring mail of Somewhere Else {rC+ rCorr} (You found it on level 5 of the Dungeon)
  4595 | D:5      | Noticed Pikel
  4608 | D:5      | HP: 3/64 [Pikel/whip of electrocution (5)]
  4608 | D:5      | HP: 1/64 [Pikel/whip of electrocution (2)]
  4614 | D:5      | Mangled by Pikel

Skill      XL: |  1  2  3  4  5  6  7  8 |
---------------+-------------------------+-----
Fighting       | 4 5 6 |  6.4
Axes           | 5 6 7 |  7.9
Armour         | |  3.2
Shields        | |  3.6

Action                   |  1- 3 |  4- 6 |  7- 9 || total
-------------------------+-------+-------+-------++-------
Melee: War axe           |   100 |   121 |   157 ||   378
  Use: Potion            |     1 |       |     3 ||     4
       Scroll            |       |       |    12 ||    12
  Eat: Royal jelly       |     1 |       |     1 ||     2
       Meat ration       |       |     1 |       ||     1
       Bread ration      |       |       |     1 ||     1
Armor: Scale mail        |    47 |    37 |    36 ||   120
       Ring mail         |       |       |    24 ||    24
       Skin              |       |       |     4 ||     4
Dodge: Dodged            |    31 |    34 |    63 ||   128
Block: Shield            |    47 |    73 |    98 ||   218
